Map: Dusk Towers

Players

Miszu - Winner!

  • Race: Terran Terran
  • League: Master

ShimOon

  • Race: Terran Terran
  • League: Master

VOD

Have the link to the VOD?

Description

Time

  • Played on: April 25, 2016, 3:02 p.m.
  • Length: 5:54
Show
View Real Time Build Order
Export as new Build Order

Miszu Terran - Winner!

Build Orders: 1/1/1 

Get SALT Encoding   

  12  0:00  SCV  
  13  0:12  SCV  
  14  0:17  Supply Depot  
  14  0:24  SCV  
  14  0:27  Refinery  
  15  0:39  SCV  
  16  0:44  Barracks  
  16  0:51  SCV  
  16  0:55  Refinery  
  17  1:03  SCV  
  18  1:15  SCV  
  19  1:31  Orbital Command  
  19  1:33  Factory  
  19  1:38  Marine  
  20  1:49  Supply Depot  
  20  1:57  SCV  
  20  1:58  Marine  
  22  2:11  SCV  
  23  2:19  Starport  
  23  2:20  Marine  
  24  2:23  SCV  
  24  2:25  Factory Tech Lab  
  25  2:34  Supply Depot  
  25  2:38  Marine  
  25  2:44  SCV  
  30  2:51  Siege Tank  
  30  2:56  Barracks Reactor, Medivac  
  32  2:59  Supply Depot  
  32  3:05  SCV  
  33  3:20  SCV  
  33  3:23  Siege Tank  
  39  3:37  SCV  
  39  3:40  Supply Depot, Viking x2  
  42  3:46  Marine  
  41  4:00  Siege Tank  
  44  4:11  SCV  
  44  4:12  Marine  
  44  4:13  Viking  
  48  4:18  Bunker  
  48  4:21  Viking  
  50  4:32  Supply Depot  
  50  4:44  SCV  
  51  4:59  Marine  
  52  5:00  Viking, Siege Tank  
  57  5:11  SCV  
  57  5:13  Viking  
  60  5:16  Supply Depot  
  55  5:31  SCV  
Show
View Real Time Build Order
Export as new Build Order

ShimOon Terran 

Build Orders: Reaper Expand 

Get SALT Encoding   

  12  0:02  SCV  
  13  0:14  SCV  
  13  0:18  Supply Depot  
  14  0:26  SCV  
  15  0:40  Barracks, SCV  
  16  0:44  Refinery  
  16  0:52  SCV  
  17  1:04  SCV  
  18  1:16  SCV  
  19  1:29  Reaper, Orbital Command  
  20  1:43  Command Center  
  20  1:53  Supply Depot  
  20  1:55  SCV  
  22  2:01  Reaper  
  22  2:07  SCV  
  22  2:19  SCV  
  23  2:26  Command Center  
  23  2:31  SCV  
  24  2:40  Factory  
  24  2:43  Barracks Reactor  
  24  2:44  SCV  
  25  2:56  SCV, Orbital Command  
  26  3:05  Refinery  
  26  3:09  SCV  
  26  3:19  Barracks  
  26  3:20  Marine x2  
  26  3:21  SCV  
  26  3:25  SCV  
  30  3:32  Factory Tech Lab  
  30  3:33  SCV  
  31  3:38  Marine x2, Orbital Command  
  31  3:39  SCV  
  34  3:45  Starport, SCV  
  35  3:51  SCV  
  36  3:56  Marine x2  
  36  3:57  SCV  
  36  3:58  Orbital Command  
  36  3:59  Siege Tank  
  41  4:04  SCV  
  41  4:06  Orbital Command  
  41  4:09  Barracks Reactor  
  42  4:11  Barracks Tech Lab  
  42  4:13  SCV  
  42  4:14  Marine  
  42  4:16  SCV  
  44  4:20  Supply Depot x2  
  44  4:23  Viking  
  46  4:25  SCV  
  47  4:34  Marine  
  47  4:37  Refinery x2, SCV x2  
  50  4:43  Barracks Reactor  
  50  4:44  Siege Tank  
  53  4:52  Marine  
  53  4:57  Starport Reactor  
  54  5:04  SCV  
  54  5:10  Marine  
  54  5:11  SCV x2  
  54  5:12  Marine  
  50  5:16  SCV  
  50  5:28  Marine  
  41  5:30  Marine  
  41  5:33  SCV  
  41  5:34  SCV x2  
Tags
 
Add a new tag
Caveats
  • Supply blocks, unpowered buildings, or Contaminate may cause inaccurate times.
  • Supply counts are checked every 10 seconds.